 Dungeon Crawl Stone Soup version 0.29-a0-271-gd4eb659eea (webtiles) character file.

Game seed: 7332295684642540727

759 spaghetti the Magician (level 7, -1/75 HPs)
             Began as a Demigod Venom Mage on Mar 8, 2022.
             Slain by a centaur (4 damage)
             ... on level 5 of the Dungeon.
             The game lasted 00:09:10 (5765 turns).

spaghetti the Magician (Demigod Venom Mage)         Turns: 5765, Time: 00:09:11

Health: -1/75      AC:  2    Str:  7    XL:     7   Next: 25%
Magic:  29/29      EV: 23    Int: 25    God:
Gold:   279        SH:  0    Dex: 19    Spells: 14/18 levels left

rFire   . . .      SeeInvis .   (weapon currently unavailable)
rCold   . . .      Faith    .   (shield currently unavailable)
rNeg    . . .      Spirit   .   (body armour currently unavailable)
rPois   x          Reflect  .   (helmet currently unavailable)
rElec   .          Harm     .   (cloak currently unavailable)
rCorr   .          Rampage  .   (gloves currently unavailable)
Will    +....                   (boots currently unavailable)
Stlth   ..........              (no amulet)
HPRegen 0.22/turn               f - ring of magical power
MPRegen 0.21/turn               j - +4 ring of evasion

@: berserking, spider-form (expiring), very quick
A: venomous fangs, tiny, high MP 1, forlorn, divine attributes, (cold resistance
1), strong-willed 1, weak 1
a: End Transformation


You were on level 5 of the Dungeon.
You were a venomous arachnid creature.
You visited 1 branch of the dungeon, and saw 5 of its levels.

You collected 279 gold pieces.


Innate Abilities, Weirdness & Mutations

You are a venomous arachnid creature.
You have poisonous fangs.
You are tiny and dextrous.
Your spellcasting is less reliable in this form.
Your armour is entirely melded.
You are incapable of wielding weapons or throwing items.
You have an increased reservoir of magic. (+10% MP)
You shall have no god before yourself.
Your divine heritage dramatically boosts your attributes as you level up.
((Your flesh is cold resistant. (rC+)))
You are strong-willed. (Will+)
You are weak. (Str -2)


   Skills:
 - Level 1.7 Dodging
 - Level 1.7 Stealth
 + Level 6.4 Spellcasting
 - Level 2.0 Transmutations
 - Level 4.0 Poison Magic


You had 14 spell levels left.
You knew the following spells:

 Your Spells              Type           Power      Damage    Failure   Level
a - Sting                 Tmut/Pois      92%        1d7       8%          1
b - Spider Form           Tmut/Pois      23%        N/A       17%         3

Your spell library contained the following spells:

 Spells                   Type           Power      Damage    Failure   Level
 Beastly Appendage        Tmut           36%        N/A       11%         1
 Poisonous Vapours        Pois/Air       36%        N/A       14%         2
 Wereblood                Tmut           18%        N/A       14%         2
 Magic Dart               Conj           32%        1d4       19%         1
 Searing Ray              Conj           16%        2d5       26%         2
 Mephitic Cloud           Conj/Pois/Air  14%        N/A       28%         3
 Olgreb's Toxic Radiance  Pois           28%        N/A       32%         4
 Fulminant Prism          Conj/Hex       4%         3d6       77%         4
 Summon Ice Beast         Ice/Summ       8%         N/A       77%         4
 Summon Mana Viper        Hex/Summ       8%         N/A       97%         5
 Monstrous Menagerie      Summ           4%         N/A       100%        7

Inventory:

Hand Weapons
 d - a +0 dagger {short}
   (You took it off a kobold on level 1 of the Dungeon)
 h - a +0 short sword of freezing {short}
   (You took it off a kobold on level 2 of the Dungeon)
 r - a +0 mace of venom {mace}
   (You found it on level 4 of the Dungeon)
 u - a +4 hand axe {axe}
   (You took it off an orc on level 4 of the Dungeon)
 w - a +4 quarterstaff {staff}
   (You took it off an orc on level 4 of the Dungeon)
Missiles
 l - 106 stones {throwing}
 n - 4 poisoned darts {throwing}
 q - 4 boomerangs {throwing}
 x - 4 javelins {throwing}
Armour
 a - a +0 robe (melded)
 m - a +0 pair of gloves (melded)
   (You found it on level 2 of the Dungeon)
Magical Staves
 k - a staff of poison (melded) {!astaff}
   (You found it on level 1 of the Dungeon)
Jewellery
 f - a ring of magical power (left front leg)
   (You found it on level 1 of the Dungeon)
 g - a +6 ring of strength
   (You found it on level 3 of the Dungeon)
 j - a +4 ring of evasion (right front leg)
   (You found it on level 1 of the Dungeon)
 p - an amulet of faith {!P}
   (You found it on level 5 of the Dungeon)
Wands
 v - a wand of digging (6)
   (You took it off an orc on level 4 of the Dungeon)
Scrolls
 e - 2 scrolls of teleportation {@r4}
 o - a scroll of immolation {!r!r}
 t - a scroll of identify {@r1}
Potions
 b - a potion of magic
 c - 4 potions of curing {@q1}
 i - 2 potions of brilliance
 z - 2 potions of resistance {unknown}

Dungeon Overview and Level Annotations

Branches:
Dungeon (5/15)             Temple (0/1) D:4

#..###### ..
#..# # ###.##
#..# .....
#..# #...#
#..# #...# #
#..#
#c..#..#.#..#
#oc......#..#
#s# #..# #.#
#..#
#.#.######..#
#.#.........#
#.#########.#
#...........#
#############


You could see 2 centaurs and an orc.


Message History

A centaur is nearby!
A centaur is nearby!
An orc comes into view. It is wielding a +0 whip.
The orc shouts!
An orc comes into view. It is wielding a +0 mace.
An iguana comes into view.
A centaur comes into view.
The orc throws a boomerang.
The boomerang misses you.
An orc comes into view. It is wielding a +0 mace.
Casting: Spider Form (dangerous; 6% risk of failure)
Confirm with . or Enter, or press ? or * to list all spells.
You feel a surge of power!
You turn into a venomous arachnid creature.
Your staff of poison {!astaff} melds into your body.
Your +0 pair of gloves melds into your body.
Your +0 robe melds into your body.
The orc shouts!
The centaur shouts!
You hear a shout!
The orc throws a boomerang.
The boomerang hits you but does no damage.
An orc comes into view. It is wielding a +0 flail.
The orc completely misses you. 😎 MP[-3]
You lost 3 mp, and now have 26/29 mp.
You hit the orc. You hit the orc.
The orc is poisoned.
The orc hits you with a +0 mace. 😕 HP[-3]
You take 3 damage, and now have 47/50 hp.
You barely miss the orc. The orc hits you but does no damage.
The orc barely misses you.
You hit the orc.
You kill the orc! 😕 MP[+1]
The centaur shouts!
You hit the orc.
You hear a shout!
The orc hits you with a +0 whip.
The orc hits you but does no damage. 😕 HP[-2]
You take 2 damage, and now have 45/50 hp.
You hit the orc.
The orc is poisoned.
The orc closely misses you. The orc barely misses you. 😕 HP[+1]
You hit the orc but do no damage. The orc misses you.
An orc priest comes into view.
It is wielding a +1 flail of protection.
You barely miss the orc.
You kill the orc!
The centaur wields a +0 shortbow.
The centaur shoots an arrow.
The arrow barely misses you. The orc barely misses you.
You hit the iguana but do no damage. The iguana completely misses you.
The orc hits you with a +0 whip.
You hit the iguana but do no damage.
The iguana is poisoned.
The iguana bites you! The orc misses you.
You are too injured to fight recklessly!
You are too injured to fight recklessly!
You are too injured to fight recklessly! 😮 HP[-18] MP[+1]
You take 18 damage, and now have 28/50 hp.
MASSIVE DAMAGE!! (PAUSE)
You are too injured to fight recklessly!
You hit the iguana.
The iguana looks as sick as possible!
The iguana misses you. The orc closely misses you.
You hit the iguana.
The iguana looks as sick as possible!
Your transformation is almost over.
The orc barely misses you. The iguana misses you. 😮 HP[+1]
You hit the iguana but do no damage.
The iguana looks as sick as possible!
The orc priest calls down the wrath of Beogh upon you.
Beogh smites you!
* * * LOW HITPOINT WARNING * * *
The iguana bites you.
* * * LOW HITPOINT WARNING * * *
😨 HP[-16] MP[+1]
You take 16 damage, and now have 13/50 hp.
MASSIVE DAMAGE!! (PAUSE)
Your mp is fully restored (29).
It was a potion of berserk rage.
A red film seems to cover your vision as you go berserk!
You feel yourself moving faster!
You feel mighty! The iguana bites you!
* * * LOW HITPOINT WARNING * * *
😱 HP[-6]
You now have 75 max hp (+25).
You hit the iguana.
You kill the iguana!
You are too berserk!
The orc priest barely misses you. The orc completely misses you.
You see here an iguana corpse.
You hit the orc priest. The orc priest closely misses you.
The orc completely misses you.
You bite the orc priest!
You hit the orc priest but do no damage.
The orc priest is poisoned.
The orc priest closely misses you. The orc closely misses you. 😱 HP[+1]
You barely miss the orc priest. The orc barely misses you.
The orc priest closely misses you.
You hit the orc priest.
You kill the orc priest!
You bite the centaur!
The centaur is poisoned.
The orc hits you with a +0 whip.
* * * LOW HITPOINT WARNING * * *
The centaur hits you.
You die...

Skill      XL: |  1  2  3  4  5  6 |
---------------+-------------------+-----
Spellcasting   | 2 3 4 6 |  6.4
Poison Magic   | 3 4 |  4.0
Transmutations | 1 2 |  2.0
Dodging        | |  1.7
Stealth        | |  1.7

Action                   |  1- 3 |  4- 6 |  7- 9 || total
-------------------------+-------+-------+-------++-------
Melee: Unarmed           |     3 |   169 |    30 ||   202
       Staff             |    24 |     4 |       ||    28
 Cast: Sting             |   105 |    37 |       ||   142
       Spider Form       |       |    14 |     3 ||    17
  Use: Scroll            |     7 |     1 |       ||     8
       Potion            |     1 |     3 |     1 ||     5
 Stab: Sleeping          |       |     1 |       ||     1
Armor: Robe              |    12 |     3 |       ||    15
       Skin              |       |     4 |     3 ||     7
Dodge: Dodged            |    59 |   158 |    30 ||   247

Levels and vault maps discovered:
D:1:      dpeg_arrival_signposts, layout_loops_corners
D:2:      layout_basic, shapermc_ecumenical_altar_petra
D:3:      layout_basic, uniq_terence
D:4:      layout_basic, minmay_temple_entry_mini_moons, hangedman_decor_growths,
          corexii_item_surrounded_by_moat, minmay_misc_feat_diagonals
D:5:      lemuel_ice_spiral_2, layout_basic, serial_curves, eino_curves_03,
          eino_curves_03

Notes
Turn   | Place    | Note
-------+----------+-------------------------------------------
     0 | D:1      | spaghetti the Demigod Venom Mage began the quest for the
                  | Orb.
     0 | D:1      | Reached XP level 1. HP: 14/14 MP: 5/5
     0 | D:1      | magus.rc [v1.9.6]
   138 | D:1      | Reached skill level 2 in Spellcasting
   701 | D:1      | Reached XP level 2. HP: 20/20 MP: 8/8
  1165 | D:1      | You pick up a book of Changes and begin reading...
  1165 | D:1      | You add the spells Beastly Appendage, Wereblood and Spider
                  | Form to your library.
  1903 | D:2      | Reached skill level 3 in Spellcasting
  2015 | D:2      | Reached XP level 3. HP: 20/26 MP: 10/10
  2467 | D:2      | Reached skill level 3 in Poison Magic
  2811 | D:3      | Gained mutation: You are dopey. (Int -2) [potion of
                  | mutation]
  2832 | D:3      | You pick up a book of Beasts and begin reading...
  2832 | D:3      | You add the spells Summon Ice Beast, Summon Mana Viper and
                  | Monstrous Menagerie to your library.
  3051 | D:3      | Noticed Terence
  3054 | D:3      | Reached XP level 4. HP: 27/33 MP: 11/11
  3060 | D:3      | Killed Terence
  3502 | D:3      | Reached XP level 5. HP: 29/38 MP: 11/13
  3590 | D:3      | Learned a level 3 spell: Spider Form
  3676 | D:4      | Lost mutation: You are dopey. (Int -2) [potion of mutation]
  3676 | D:4      | Gained mutation: You are strong-willed. (Will+) [potion of
                  | mutation]
  3676 | D:4      | Gained mutation: Your flesh is cold resistant. (rC+)
                  | [potion of mutation]
  3676 | D:4      | Gained mutation: You are weak. (Str -2) [potion of
                  | mutation]
  3688 | D:4      | Reached skill level 4 in Spellcasting
  3688 | D:4      | Reached skill level 4 in Poison Magic
  3825 | D:4      | Reached skill level 1 in Transmutations
  4537 | D:4      | You pick up a book of Conjurations {@e2} and begin
                  | reading...
  4537 | D:4      | You add the spells Magic Dart, Searing Ray and Fulminant
                  | Prism to your library.
  4631 | D:4      | Found a staircase to the Ecumenical Temple.
  4639 | D:4      | Reached XP level 6. HP: 45/45 MP: 16/16
  4705 | D:5      | Entered Level 5 of the Dungeon
  4714 | D:5      | Reached skill level 2 in Transmutations
  4964 | D:5      | Reached skill level 5 in Spellcasting
  5245 | D:5      | HP: 7/45 [gnoll/+0 club (5)]
  5249 | D:5      | HP: 1/45 [gnoll/+0 club (7)]
  5427 | D:5      | Reached skill level 6 in Spellcasting
  5427 | D:5      | Reached XP level 7. HP: 18/50 MP: 19/19
  5757 | D:5      | HP: 7/75 [iguana (13)]
  5765 | D:5      | HP: 3/75 [orc/+0 whip (5)]
  5765 | D:5      | Slain by a centaur

Vanquished Creatures
  A sky beast (D:5)
  A scorpion (D:5)
  2 hounds
  5 orc priests
  A gnoll shaman (D:5)
  2 iguanas
  Terence (D:3)
  3 orc wizards
  8 gnolls
  3 adders
  2 worms
  2 dart slugs (D:3)
  21 orcs
  6 endoplasms
  5 giant cockroaches
  9 goblins
  5 hobgoblins
  7 kobolds
  4 quokkas
  6 ball pythons
  7 bats
  2 frilled lizards
  4 rats
107 creatures vanquished.

Table legend:
 A = Non-vault XP
 B = Vault XP
 C = Vault XP percentage of total XP
 D = Non-vault monster count
 E = Vault monster count
 F = Vault count percentage of total count
                 A         B        C        D         E       F
            +---------+---------+-------+---------+---------+-------
      Total |    1049 |      36 |   3.3 |     106 |       1 |   0.9
            +---------+---------+-------+---------+---------+-------
        D:1 |      35 |       0 |   0.0 |      22 |       0 |   0.0
        D:2 |      31 |       0 |   0.0 |      18 |       0 |   0.0
        D:3 |     150 |      36 |  19.4 |      22 |       1 |   4.3
        D:4 |     200 |       0 |   0.0 |      20 |       0 |   0.0
        D:5 |     633 |       0 |   0.0 |      24 |       0 |   0.0
            +---------+---------+-------+---------+---------+-------

Illustrated notes

Table legend:
 A = Kills in this place as a percentage of kills in entire the game.
 B = Kills by you in this place as a percentage of kills by you in the entire game.
 C = Kills by friends in this place as a percentage of kills by friends in the entire game.
 D = Other kills in this place as a percentage of other kills in the entire game.
 E = Experience gained in this place as a percentage of experience gained in the entire game.
 F = Experience gained in this place divided by the number of levels of this place that you have seen.
                   A       B       C       D       E      F
               +-------+-------+-------+-------+-------+----------------------
         Total | 100.0 | 100.0 |   N/A |   N/A | 100.0 | 217.0
       Dungeon | 100.0 | 100.0 |   N/A |   N/A | 100.0 | 217.0
               +-------+-------+-------+-------+-------+----------------------

Table legend: (Time is in decaauts)
 A = Elapsed time spent in this place.
 B = Non-inter-level travel time spent in this place.
 C = Inter-level travel time spent in this place.
 D = Time resting spent in this place.
 E = Time spent auto-exploring this place.
 F = Levels seen in this place.
 G = Mean time per level.
                   A        B        C        D        E       F      G
               +--------+--------+--------+--------+--------+-----+--------+
         Total |   5765 |   5691 |     74 |    970 |   3952 |   5 | 1153.0 |
       Dungeon |   5765 |   5691 |     74 |    970 |   3952 |   5 | 1153.0 |
               +--------+--------+--------+--------+--------+-----+--------+

Top non-repeatable levels by time:
     D:1: 1675 daAuts
     D:4: 1072 daAuts
     D:5: 1057 daAuts
     D:2: 989 daAuts
     D:3: 970 daAuts
